Zazza, neutral female human Monk . # ## ### ######### o@# ####-----## -----%---- ######....|# |.%%%.....####### |.<..# |...%...%|### +...|# |....%.... |...| |........| ----- ---------- Zazza the Initiate Experience level: 8 Strength: 17 Dexterity: 17 Constitution: 14 Intelligence: 10 Wisdom: 16 Charisma: 4 Health: 0(53) Energy: 31(53) Def: 10 Gold: 30 Moves: 7646 Dungeon seed: uwFV5JiusCiMggXm Game ID: Zazza_1576774193 Your Inventory: Coins $ - 30 gold pieces Amulets b - an uncursed amulet of reflection (being worn) Armor e - a blessed +2 pair of leather gloves (being worn) n - an uncursed +1 robe (being worn) q - an uncursed +3 pair of low boots (being worn) Potions t - a blessed potion of gain level Wands c - a wand of lightning (0:5) m - a wand of striking (0:2) u - a wand of striking (0:0) A - a wand of polymorph (0:7) Tools z - an uncursed bag of holding Contents of the bag of holding: 6765 gold pieces a cursed +0 cloak of magic resistance a blessed +1 mummy wrapping a cursed -2 pair of kicking boots 8 uncursed apples an uncursed banana an uncursed candy bar 2 uncursed eggs 4 uncursed food rations 2 uncursed fortune cookies 2 uncursed lichen corpses an uncursed melon 8 uncursed oranges 3 uncursed slime molds a cursed tripe ration an uncursed scroll of amnesia a cursed scroll of create monster 2 uncursed scrolls of destroy armor 2 uncursed scrolls of earth a blessed scroll of enchant weapon a cursed scroll of food detection an uncursed scroll of genocide a cursed scroll of gold detection 3 cursed scrolls of light 3 uncursed scrolls of remove curse an uncursed scroll of scare monster an uncursed scroll of teleportation an uncursed spellbook of clairvoyance an uncursed spellbook of cure blindness an uncursed spellbook of detect monsters an uncursed spellbook of detect monsters an uncursed spellbook of dig a cursed spellbook of force bolt a blessed spellbook of healing a cursed spellbook of magic mapping a cursed spellbook of sleep an uncursed potion of acid an uncursed potion of booze a cursed potion of confusion an uncursed potion of extra healing an uncursed potion of gain ability an uncursed potion of hallucination 3 uncursed potions of healing 2 cursed potions of healing 2 uncursed potions of object detection a cursed potion of object detection an uncursed potion of paralysis 2 cursed potions of speed a potion of unholy water 3 uncursed potions of water a cursed -1 ring of adornment a cursed ring of cold resistance a cursed ring of free action a cursed ring of polymorph an uncursed +1 ring of protection a cursed ring of protection from shape changers an uncursed ring of sustain ability a wand of nothing (0:1) a wand of speed monster (0:8) a wand of speed monster (0:4) a cursed wand of speed monster (0:1) a wand of striking (0:6) a wand of striking named 0 (0:0) a wand of undead turning (0:2) a cursed magic whistle a +0 pick-axe 9 uncursed tallow candles (0:200) an uncursed jasper stone 2 uncursed worthless pieces of green glass an uncursed worthless piece of orange glass an uncursed worthless piece of red glass an uncursed worthless piece of white glass Spells and supernatural/magical abilities: Name Level Category Fail Memory h - healing 1 healing 0% 62% n - detect monsters 1 divination 0% 63% v - clairvoyance 3 divination 71% 77% B - cure blindness 2 healing 0% 75% W - pray for help -- divine ? -- Your skills at the end: Fighting Skills martial arts [Expert] Weapon Skills Spellcasting Skills healing spells [Basic] Final Attributes: You were piously aligned. You were sleep resistant. You were poison resistant. You saw invisible. You were warned. You were stealthy. You were fast. You had reflection. You were unlucky. You are dead. Vanquished creatures: a ghost 2 giant mimics a small mimic an iron piercer a housecat a blue jelly a gnome mummy 3 bugbears an imp 6 Uruk-hai an orc shaman 2 rock piercers 5 rock moles 2 ponies 4 fog clouds 2 shriekers a violet fungus a gnome lord a gnomish wizard a kobold mummy 2 gray oozes a straw golem a baby crocodile 4 giant ants 2 little dogs 2 floating eyes a kitten 2 homunculi 2 kobold lords 3 kobold shamans 13 hill orcs 5 rothes 3 rabid rats 4 giant bats 3 orc zombies 2 dwarf zombies 5 wererats a werejackal 5 iguanas 5 acid blobs 4 coyotes 3 gas spores a hobbit 13 manes 3 large kobolds 7 hobgoblins 6 giant rats 2 cave spiders 4 brown molds 2 yellow molds 2 green molds 2 red molds 5 gnomes 5 garter snakes a gnome zombie 6 geckos 16 jackals 4 foxes 4 kobolds 3 goblins 6 sewer rats 8 grid bugs 4 bats 7 lichens a kobold zombie 5 newts 228 creatures vanquished. Voluntary challenges: You were vegetarian. You never hit with a wielded weapon. You read items or engraved 21 times, starting on turn 241. You never genocided any monsters. You never polymorphed an object. You never changed form. You used no wishes. You never split a pudding. You wrote Elbereth's name 3 times, starting on turn 2732. You violated your moral code, losing 100 points of alignment, starting on turn 5046. Dungeon overview: The Dungeons of Doom: levels 1 to 8 Level 1 a fountain a long staircase Level 2 a fountain Level 3 a general store a long staircase Level 4 a fountain Level 5 a throne Level 6 many fountains Level 7 a fountain stairs to Sokoban Level 8 <- You were here Sokoban: levels 3 to 6 Level 3 Level 4 Level 5 Level 6 stairs to The Dungeons of Doom History has recorded: On T:1 you entered the Dungeons of Doom to retrieve the Amulet of Yendor! On T:397 you reached level 2 of The Dungeons of Doom. On T:575 you reached level 3 of The Dungeons of Doom. On T:631 you advanced to experience level 2. On T:1072 you advanced to experience level 3. On T:1369 you reached level 4 of The Dungeons of Doom. On T:1628 you reached level 5 of The Dungeons of Doom. On T:1691 you advanced to experience level 4. On T:1729 you advanced to experience level 5. On T:2792 you advanced to experience level 6. On T:2928 you reached level 6 of The Dungeons of Doom. On T:3150 you reached level 7 of The Dungeons of Doom. On T:3486 you reached level 4 of Sokoban. On T:3818 you reached level 3 of Sokoban. On T:4625 you reached level 2 of Sokoban. On T:4819 you advanced to experience level 7. On T:5184 you reached level 1 of Sokoban. On T:7195 you advanced to experience level 8. On T:7502 you reached level 8 of The Dungeons of Doom. Score breakdown: Gold: 6795 (13036 points) Experience: 8 levels (14739 points) Exploration: 8 levels ( 17.39%) (11832 points) Discoveries: 21 items ( 7.50%) ( 8215 points) Valuables value: (no points given unless you survive) Artifact value: 0 ( 0 points) Variety of kills: 66 monsters ( 17.32%) (12486 points) Turncount: 7646 turns (-1982 points) Survival: died (score multiplied by 80%) Total score: 46660 Latest messages: The hill orc zaps a wand of striking! The wand hits you! You hit the hill orc. The hill orc swings her scimitar. The hill orc misses. The hill orc zaps a wand of striking! The wand hits you! You kill the hill orc! The hill orc swings her scimitar. The hill orc misses. You have a little trouble lifting u - a wand of striking. You see here a hill orc corpse. You hit the hill orc! The hill orc swings her scimitar. The hill orc hits! You begin praying to Chih Sung-tzu. The hill orc swings her scimitar. The hill orc just misses! The hill orc swings her scimitar. The hill orc hits! You die... Final status: Goodbye Zazza the Monk, killed by a hill orc, while praying... You died in The Dungeons of Doom on dungeon level 8 with 46660 points, and 6795 pieces of gold, after 7646 moves. You were level 8 with a maximum of 53 hit points when you died.